AoeStats
← [La14]Uvita

Golden Pit

509149344Analyzed
1v1 RM · 7d ago on Sep 25, 2026· 31m 32s· 2 players
Game mode
Random Map
Map size
Tiny (2 player)
Population
200
Speed
Normal
Resources
Standard
Victory
Conquest
Starting age
Dark Age
Ending age
Imperial Age
RankedLock teamsTeams togetherTeam positionsShared explorationLock speedFull tech treeHidden civsTurbo modeCheats
Victory
Defeat
🇦🇷 Aztecs · Argentina
858
+15
🇺🇸 Persians · United States
838
-15
tk421
3:43 Loom
14:50 Feudal Age
15:06 Horse Collar
15:19 Double-Bit Axe
18:17 Wheelbarrow
21:24 Castle Age
19:28 Gold Mining
20:33 Scale Barding Armor
20:40 Forging
20:46 Bloodlines
21:34 Town Watch
22:08 Hand Cart
22:01 Husbandry
24:02 Chain Barding Armor
[La14]Uvita
7:19 Loom
10:40 Feudal Age
16:16 Castle Age
14:23 Double-Bit Axe
17:21 Forging
17:32 Town Watch
19:22 Stone Mining
21:08 Horse Collar
21:39 Fletching
23:21 Eagle Warrior
24:58 Bodkin Arrow
31:26 Wheelbarrow
31:06 Scale Mail Armor
Connection lost

Rejoining the realm…

Still unreachable

The connection could not be restored.

Session expired

The server has moved on; the page needs a fresh start.